 Dungeon Crawl Stone Soup version 0.21-a0-642-g5d013b2151 (webtiles) character file.

1370 RaHiT the Slicer (level 8, 0/66 HPs)
             Began as a Kobold Summoner on Dec 31, 2017.
             Was an Initiate of Fedhas.
             Slain by an unseen horror (2 damage)
             ... on level 6 of the Dungeon.
             The game lasted 00:48:19 (6323 turns).

RaHiT the Slicer (Kobold Summoner)                  Turns: 6323, Time: 00:48:20

Health: 0/66       AC:  5    Str: 10    XL:     8   Next: 97%
Magic:  15/15      EV: 18    Int: 19    God:    Fedhas [......]
Gold:   471        SH:  0    Dex: 15    Spells: 7/17 levels left

rFire    + . .     SeeInvis .   n - +2 whip (flame)
rCold    + . .     Gourm    .   (shield restricted)
rNeg     . . .     Faith    .   A - +1 robe {rC+}
rPois    .         Spirit   .   (no helmet)
rElec    .         Reflect  .   (no cloak)
rCorr    .         Harm     .   k - +0 pair of gloves
MR       .....                  t - +0 pair of boots
Stlth    ..........             e - amulet of magic regeneration
HPRegen  0.21/turn              m - ring of protection from fire
MPRegen  0.39/turn              y - ring of stealth

@: berserking, very quick
A: small, carnivore
a: Fungal Bloom, Renounce Religion


You were on level 6 of the Dungeon.
You worshipped Fedhas.
Fedhas was noncommittal.
You were very full.

You visited 2 branches of the dungeon, and saw 7 of its levels.
You also visited: Ossuary.

You collected 471 gold pieces.

Inventory:

Hand Weapons
 n - a +2 whip of flaming (weapon)
 u - a +0 dagger
Missiles
 a - 5 tomahawks (quivered)
 s - 12 poisoned needles
Armour
 k - a +0 pair of gloves (worn)
 t - a +0 pair of boots (worn)
 A - a +1 robe of cold resistance (worn)
 H - a cursed +0 ring mail
Jewellery
 e - an amulet of magic regeneration (around neck)
 m - a ring of protection from fire (left hand)
 y - a ring of stealth (right hand)
Wands
 x - a wand of enslavement (7)
Scrolls
 h - a scroll of amnesia
 j - 5 scrolls of teleportation
 p - 2 scrolls of blinking
 v - 3 scrolls of remove curse
 G - a scroll of torment
 I - a scroll of magic mapping
Potions
 d - 2 potions of heal wounds
 f - a potion of might
 g - 2 potions of curing {unknown}
 i - a potion of cancellation {unknown}
 l - 2 potions of brilliance {unknown}
 o - 2 potions of agility {unknown}
 r - 3 potions of haste {unknown}
 w - 2 potions of degeneration {unknown}
 B - a potion of flight {unknown}
 C - a potion of resistance {unknown}
 D - a potion of ambrosia
 F - 2 potions of invisibility {unknown}
Books
 b - a book of Callings

   Spells                             Type                      Level
   a - Summon Small Mammal            Summoning                    1
   b - Call Imp                       Summoning                    2
   c - Call Canine Familiar           Summoning                    3
   d - Summon Guardian Golem          Hexes/Summoning              3
   e - Summon Lightning Spire         Summoning/Air                4
   f - Summon Ice Beast               Ice/Summoning                4
Comestibles
 c - 9 rations


   Skills:
 - Level 2.2 Fighting
 - Level 8.2 Short Blades
 - Level 6.0 Dodging
 - Level 4.0 Stealth
 - Level 5.1 Spellcasting
 + Level 5.2 Summonings


You had 7 spell levels left.
You knew the following spells:

 Your Spells              Type           Power        Failure   Level  Hunger
a - Summon Small Mammal   Summ           ###.         1%          1    None
b - Call Imp              Summ           ###.....     2%          2    #......
c - Call Canine Familiar  Summ           ###.....     4%          3    ##.....
d - Summon Lightning Spi  Summ/Air       ##......     38%         4    ####...


Dungeon Overview and Level Annotations

Branches:
Dungeon (6/15)             Temple (1/1) D:4

Altars:
Ashenzari
Dithmenos
Elyvilon
Fedhas
Gozag
Hepliaklqana
Kikubaaqudgha
Makhleb
Nemelex Xobeh
Qazlal
Trog
Uskayaw
Wu Jian
Xom
Yredelemnul
Zin
The Shining One

Shops:
D:4 %

Annotations:
D:4 Eustachio


Innate Abilities, Weirdness & Mutations

You are small and have problems with some larger weapons.
You are carnivorous and can eat meat at any time.


Message History

Something barely misses you. Something hits you.
* * * LOW HITPOINT WARNING * * *
Something misses your hound.
Your hound bites something but does no damage.
Your hound bites something but does no damage.
Something hits you but does no damage. Something closely misses you.
Your hound barely misses something.
Something closely misses you.
Your hound barely misses something.
Your magical contamination has completely faded away.
You hit something. You burn something. Something hits you.
* * * LOW HITPOINT WARNING * * *
Something closely misses you.
Your hound bites something.
Your hound closely misses something.
A red film seems to cover your vision as you go berserk!
You feel yourself moving faster!
You feel mighty! Something hits you.
* * * LOW HITPOINT WARNING * * *
Something hits you.
You die...
Fedhas appreciates your contribution to the ecosystem.

###...####........##.#.#.#
.....# #........##.#.#.# .
#...# #...........#...#
.####...# #...#######.#####
........## #...##..........#
........§###...##.####.###.#
.......§...............>.
.....###§.##...##.##.#.....
.....##...##..h{@.......####
.....##.#.##...##.#.#....
.##.###.#..#........#.....
#. #.##.##+#.#.###..... ..
#.5.....#.......... ##
#####.#####.###...
#.....)....#
#####...))####.#
#...55.......#.#


You could see a friendly hound.

Vanquished Creatures
  A phantom (D:5)
  A howler monkey (D:4)
  A centaur zombie (D:5)
  2 worker ants
  2 mummies (Ossuary)
  An adder (D:5)
  A worm (D:3)
  A dart slug (D:2)
  A giant cockroach (D:4)
  5 goblins
  2 quokkas (D:2)
  4 bats
  2 frilled lizards
  2 kobolds
  5 rats
31 creatures vanquished.

Vanquished Creatures (collateral kills)
  The ghost of NihilVerum the Purveyor of Pain, a novice OgNe of Kikubaaqudgha (D:5)
  Pikel (D:4)
  2 slaves (D:4)
  A phantom (D:4)
  5 ogres
  A bullfrog (D:5)
  A scorpion (D:4)
  2 hounds
  3 orc priests
  Ijyb (D:4)
  An iguana (D:4)
  3 orc wizards
  3 worker ants (D:4)
  6 mummies (Ossuary)
  A hound skeleton (D:5)
  5 adders
  2 shadow imps
  2 oozes
  An adder skeleton (D:4)
  4 worms (D:2)
  5 leopard geckos
  21 orcs
  2 ball pythons
  2 giant cockroaches
  2 gnoll zombies (Ossuary)
  A goblin (D:1)
  4 hobgoblins (D:3)
  7 jackals (D:2)
  4 quokkas
  A bat (D:2)
  2 frilled lizards
  A hobgoblin zombie (Ossuary)
  3 kobolds
  2 kobold zombies (Ossuary)
  3 orc zombies (Ossuary)
  A quokka skeleton (D:4)
  3 rats
110 creatures vanquished.

Vanquished Creatures (others)
  A slave (D:4)
  5 toadstools
6 creatures vanquished.

Grand Total: 147 creatures vanquished

Notes
Turn   | Place    | Note
-------+----------+-------------------------------------------
     0 | D:1      | RaHiT the Kobold Summoner began the quest for the Orb.
     0 | D:1      | Reached XP level 1. HP: 10/10 MP: 3/3
   323 | D:1      | Reached XP level 2. HP: 7/15 MP: 1/5
   328 | D:1      | Learned a level 2 spell: Call Imp
  1466 | D:2      | Reached XP level 3. HP: 19/19 MP: 3/6
  1510 | D:2      | Found a faded altar of an unknown god.
  1608 | D:2      | Reached skill level 1 in Short Blades
  1774 | D:2      | Found a hazy altar of Hepliaklqana.
  1949 | D:2      | Reached XP level 4. HP: 24/24 MP: 5/7
  1954 | D:2      | Learned a level 3 spell: Call Canine Familiar
  1994 | D:2      | Found a burning altar of Makhleb.
  2001 | D:2      | Found a shattered altar of Ashenzari.
  2073 | D:2      | Reached skill level 2 in Short Blades
  2677 | D:3      | Found a stormy altar of Qazlal.
  2747 | D:3      | Found an opulent altar of Gozag.
  2747 | D:3      | Found a glowing silver altar of Zin.
  3125 | D:4      | Reached skill level 3 in Short Blades
  3125 | D:4      | Reached XP level 5. HP: 26/28 MP: 4/8
  3146 | D:4      | Noticed Ijyb
  3162 | D:4      | Killed Ijyb
  3352 | D:4      | Noticed an ogre
  3405 | D:4      | Killed an ogre
  3405 | D:4      | Reached skill level 4 in Short Blades
  3405 | D:4      | Reached skill level 5 in Dodging
  3405 | D:4      | Reached XP level 6. HP: 32/32 MP: 9/9
  3423 | D:4      | Noticed an ogre
  3438 | D:4      | HP: 1/32 [ogre/giant spiked club (31)]
  3441 | D:4      | Killed an ogre
  3783 | D:4      | Found Guynk's Food Shop.
  3931 | D:4      | Found a white marble altar of Elyvilon.
  3946 | D:4      | Reached skill level 5 in Short Blades
  4032 | D:4      | Noticed a slave
  4061 | D:4      | Killed a slave
  4085 | D:4      | Noticed Pikel
  4085 | D:4      | Noticed a slave
  4089 | D:4      | Noticed a slave
  4090 | D:4      | Noticed Eustachio
  4100 | D:4      | Noticed a slave
  4175 | D:4      | Killed a slave
  4226 | D:4      | Paralysed by Pikel for 7 turns
  4266 | D:4      | Reached XP level 7. HP: 32/36 MP: 3/10
  4297 | D:4      | Killed Pikel
  4297 | D:4      | Reached skill level 6 in Short Blades
  4383 | D:4      | Found a staircase to the Ecumenical Temple.
  4422 | Temple   | Entered the Ecumenical Temple
  4482 | Temple   | Became a worshipper of Fedhas Madash
  4661 | D:4      | Reached XP level 8. HP: 44/44 MP: 10/13
  4765 | D:5      | Entered Level 5 of the Dungeon
  4771 | D:5      | Learned a level 4 spell: Summon Lightning Spire
  4824 | D:5      | Found a sand-covered staircase.
  4835 | Ossuary  | Entered an ossuary
  5225 | D:5      | Reached skill level 7 in Short Blades
  5421 | D:5      | Noticed NihilVerum's ghost (novice OgNe)
  5463 | D:5      | Killed NihilVerum's ghost
  5463 | D:5      | Reached skill level 8 in Short Blades
  5463 | D:5      | Reached skill level 5 in Spellcasting
  5923 | D:5      | Found a basalt altar of Yredelemnul.
  6158 | D:6      | Reached skill level 5 in Summonings
  6323 | D:6      | HP: 2/66 [something (5)]
  6323 | D:6      | Slain by an unseen horror

Vault maps used:
D:1:      dpeg_arrival_stonehenge_12_columns
D:2:      old_standard_altar, amethyst_overflow_temple_binary,
          chequers_ecumenical_altar_simple_redux, grunt_ministairs_15
D:3:      grunt_temple_overflow_gold_and_silver, old_standard_altar,
          kennysheep_generic_room_14
D:4:      temple_green, serial_shops, nicolae_shop_behind_doors,
          elyvilon_altar_3, uniq_ijyb, uniq_pikel, uniq_eustachio
D:5:      kennysheep_mini, chequers_ossuary_entry_cave, first_ration
D:6:      okawaru_metal_pillars_1_2
Temple:   nicolae_temple_figure_zero
Ossuary:  ossuary_tomb_3

Skill      XL: |  1  2  3  4  5  6  7  8 |
---------------+-------------------------+-----
Stealth        | 3 4 |  4.0
Dodging        | 3 4 5 6 |  6.0
Short Blades   | 1 3 4 5 6 8 |  8.2
Fighting       | 2 |  2.2
Spellcasting   | 3 5 |  5.1
Summonings     | 5 |  5.2

Action                   |  1- 3 |  4- 6 |  7- 9 || total
-------------------------+-------+-------+-------++-------
Melee: Dagger            |    58 |    86 |       ||   144
       Unarmed           |     8 |       |       ||     8
       Whip              |       |       |    58 ||    58
Throw: Tomahawk          |     4 |     6 |     8 ||    18
 Cast: Summon Small Mamm |    13 |       |       ||    13
       Call Imp          |    19 |    39 |    68 ||   126
       Call Canine Famil |       |    33 |    17 ||    50
Invok: Fungal Bloom      |       |       |     2 ||     2
Evoke: Wand              |       |     5 |       ||     5
  Use: Scroll            |       |     6 |     5 ||    11
       Potion            |       |       |     2 ||     2
 Stab: Sleeping          |     6 |     5 |       ||    11
       Distracted        |       |     1 |     1 ||     2
  Eat: Chunk             |    13 |    10 |    12 ||    35
Armor: Robe              |    13 |    16 |     7 ||    36
Dodge: Dodged            |    58 |    70 |    49 ||   177

Table legend:
 A = Spawn XP
 B = Non-spawn XP
 C = Spawn XP percentage of total XP
 D = Spawn monster count
 E = Non-spawn monster count
 F = Spawn count percentage of total count
 G = Total turns spent on level
                    A         B        C        D         E        F      G
               +---------+---------+-------+---------+---------+-------+---------
         Total |       0 |    1958 |   0.0 |       0 |     139 |   0.0 |  6323
               +---------+---------+-------+---------+---------+-------+---------
           D:1 |       0 |      11 |   0.0 |       0 |      10 |   0.0 |  1034
           D:2 |       0 |      71 |   0.0 |       0 |      27 |   0.0 |  1200
           D:3 |       0 |      41 |   0.0 |       0 |      25 |   0.0 |   874
           D:4 |       0 |     887 |   0.0 |       0 |      39 |   0.0 |  1543
           D:5 |       0 |     789 |   0.0 |       0 |      16 |   0.0 |  1026
           D:6 |       0 |      76 |   0.0 |       0 |       6 |   0.0 |   239
       Ossuary |       0 |      83 |   0.0 |       0 |      16 |   0.0 |   293
               +---------+---------+-------+---------+---------+-------+---------
